| TOP OF THE 1ST |
|
Hickory Crawdads batting - Pitching for Charleston RiverDogs : RHP Bobby Kosmicki
|
|
Pitching: RHP Bobby Kosmicki
|
|
|
Batting: RHB Aaron Moore
|
0-0: Foul Ball, location: 2F 0-1: Ball 1-1: SINGLE (Groundball, 4MD, EV 99.4 MPH)
|
|
Batting: SHB Todd Hewitt
|
0-0: Ball 1-0: Foul Ball, location: 2F 1-1: Ball 2-1: Fly out, F9 (Line Drive, 9LS, EV 93.1 MPH)
|
|
Batting: RHB Dermott Neill
|
0-0: Called Strike 0-1: Ball 1-1: Called Strike Aaron Moore is caught stealing 2nd base 2-4 1-2: Ball 2-2: Strikes out swinging
|
| Top of the 1st over - 0 runs, 1 hit, 0 errors, 0 left on base; Hickory 0 - Charleston 0 |
| BOTTOM OF THE 1ST |
|
Charleston RiverDogs batting - Pitching for Hickory Crawdads : LHP Cooper Bate
|
|
Pitching: LHP Cooper Bate
|
|
|
Batting: LHB Ernesto Abreu
|
0-0: DOUBLE (Flyball, 78XD, EV 105.0 MPH)
|
|
Batting: SHB Tadaaki Kondo
|
0-0: Called Strike 0-1: Called Strike 0-2: Strikes out looking
|
|
Batting: RHB Francisco Vargas
|
0-0: Called Strike Ernesto Abreu steals 3rd base (no throw) 0-1: Called Strike 0-2: Strikes out swinging
|
|
Batting: RHB Mike Zern
|
0-0: Ball 1-0: Ball 2-0: Called Strike 2-1: Ball 3-1: Called Strike 3-2: SINGLE (Flyball, 34D, EV 90.0 MPH) Ernesto Abreu scores
|
|
Batting: LHB Marc Durgin
|
0-0: Called Strike 0-1: Ball 1-1: Foul Ball, location: 2F 1-2: Strikes out swinging
|
| Bottom of the 1st over - 1 run, 2 hits, 0 errors, 1 left on base; Hickory 0 - Charleston 1 |
| TOP OF THE 2ND |
|
Hickory Crawdads batting - Pitching for Charleston RiverDogs : RHP Bobby Kosmicki
|
|
Batting: RHB Mike Thornton
|
0-0: Ball 1-0: Ball 2-0: Ball 3-0: Called Strike 3-1: Foul Ball, location: 2F 3-2: SOLO HOME RUN (Line Drive, 9D, EV 101.9 MPH), Distance : 395 ft
|
|
Batting: RHB Danny Weisse
|
0-0: Called Strike 0-1: Foul Ball, location: 2F 0-2: Strikes out swinging
|
|
Batting: RHB Danny Murillo
|
0-0: Swinging Strike 0-1: DOUBLE (Flyball, 89XD, EV 96.9 MPH)
|
|
Batting: RHB Jose Pineda
|
0-0: Called Strike 0-1: Ball 1-1: Ball 2-1: Ball 3-1: Base on Balls
|
|
Batting: RHB Zach Thomason
|
0-0: Called Strike 0-1: Ground out 4-3 (Groundball, 4, EV 77.5 MPH) Danny Murillo to third Jose Pineda to second
|
|
Batting: RHB Darnell Jones
|
0-0: Swinging Strike 0-1: Swinging Strike 0-2: Foul Ball, location: 2F 0-2: Ball 1-2: Reached on error, E4 (Groundball, 4M, EV 81.2 MPH) Danny Murillo scores Jose Pineda to third
|
|
Batting: RHB Aaron Moore
|
0-0: Fly out, F9 (Flyball, 89S, EV 83.8 MPH)
|
| Top of the 2nd over - 2 runs, 2 hits, 1 error, 2 left on base; Hickory 2 - Charleston 1 |
| BOTTOM OF THE 2ND |
|
Charleston RiverDogs batting - Pitching for Hickory Crawdads : LHP Cooper Bate
|
|
Batting: RHB Jeff McClellan
|
0-0: Ground out 6-3 (Groundball, 6M, EV 80.0 MPH)
|
|
Batting: RHB Michael Patterson
|
0-0: DOUBLE (Line Drive, 7LM, EV 93.1 MPH)
|
|
Batting: RHB Bryan Massey
|
0-0: Ball 1-0: Foul Ball, location: 2F 1-1: Ball 2-1: Foul Ball, location: 2F 2-2: Strikes out swinging
|
|
Batting: RHB Louwe Starmans
|
0-0: Called Strike 0-1: Ball 1-1: Ball 2-1: Ball 3-1: Foul Ball, location: 2F 3-2: Fly out, F8 (Flyball, 8LD, EV 85.6 MPH)
|
| Bottom of the 2nd over - 0 runs, 1 hit, 0 errors, 1 left on base; Hickory 2 - Charleston 1 |
| TOP OF THE 3RD |
|
Hickory Crawdads batting - Pitching for Charleston RiverDogs : RHP Bobby Kosmicki
|
|
Batting: SHB Todd Hewitt
|
0-0: Fly out, F7 (Flyball, 78S, EV 95.0 MPH)
|
|
Batting: RHB Dermott Neill
|
0-0: Ball 1-0: Swinging Strike 1-1: Foul Ball, location: 2F 1-2: Ball 2-2: Strikes out swinging
|
|
Batting: RHB Mike Thornton
|
0-0: Ball 1-0: Called Strike 1-1: Swinging Strike 1-2: Strikes out swinging
|
| Top of the 3rd over - 0 runs, 0 hits, 0 errors, 0 left on base; Hickory 2 - Charleston 1 |
| BOTTOM OF THE 3RD |
|
Charleston RiverDogs batting - Pitching for Hickory Crawdads : LHP Cooper Bate
|
|
Batting: LHB Ernesto Abreu
|
0-0: Fly out, F5 (Popup, 5S, EV 80.0 MPH)
|
|
Batting: SHB Tadaaki Kondo
|
0-0: Ball 1-0: Ball 2-0: Called Strike 2-1: Ball 3-1: Foul Ball, location: 2F 3-2: Fly out, F9 (Flyball, 89M, EV 99.4 MPH)
|
|
Batting: RHB Francisco Vargas
|
0-0: Called Strike 0-1: Foul Ball, location: 2F 0-2: Strikes out swinging
|
| Bottom of the 3rd over - 0 runs, 0 hits, 0 errors, 0 left on base; Hickory 2 - Charleston 1 |
| TOP OF THE 4TH |
|
Hickory Crawdads batting - Pitching for Charleston RiverDogs : RHP Bobby Kosmicki
|
|
Batting: RHB Danny Weisse
|
0-0: Ground out 4-3 (Groundball, 4, EV 90.6 MPH)
|
|
Batting: RHB Danny Murillo
|
0-0: SINGLE (Line Drive, 8RS, EV 95.6 MPH)
|
|
Batting: RHB Jose Pineda
|
0-0: Ball 1-0: Foul Ball, location: 2F 1-1: Fly out, F8 (Line Drive, 8LD, EV 91.9 MPH)
|
|
Batting: RHB Zach Thomason
|
0-0: Called Strike 0-1: Called Strike Danny Murillo is caught stealing 2nd base 2-4
|
| Top of the 4th over - 0 runs, 1 hit, 0 errors, 0 left on base; Hickory 2 - Charleston 1 |
| BOTTOM OF THE 4TH |
|
Charleston RiverDogs batting - Pitching for Hickory Crawdads : LHP Cooper Bate
|
|
Batting: RHB Mike Zern
|
0-0: Ball 1-0: Foul Ball, location: 2F 1-1: Called Strike 1-2: Ball 2-2: Ball 3-2: Foul Ball, location: 2F 3-2: Strikes out swinging
|
|
Batting: LHB Marc Durgin
|
0-0: Ball 1-0: Foul Ball, location: 2F 1-1: Ball 2-1: Ball 3-1: SINGLE (Flyball, 9LS, EV 90.6 MPH)
|
|
Batting: RHB Jeff McClellan
|
0-0: Ball 1-0: Fly out, F9 (Line Drive, 9, EV 93.8 MPH)
|
|
Batting: RHB Michael Patterson
|
0-0: Ball 1-0: Ball 2-0: Fly out, F7 (Flyball, 7, EV 98.1 MPH)
|
| Bottom of the 4th over - 0 runs, 1 hit, 0 errors, 1 left on base; Hickory 2 - Charleston 1 |
| TOP OF THE 5TH |
|
Hickory Crawdads batting - Pitching for Charleston RiverDogs : RHP Bobby Kosmicki
|
|
Batting: RHB Zach Thomason
|
0-0: Called Strike 0-1: Foul Ball, location: 2F 0-2: Ball 1-2: Strikes out looking
|
|
Batting: RHB Darnell Jones
|
0-0: Foul Ball, location: 2F 0-1: SINGLE (Groundball, 6MD, EV 96.2 MPH)
|
|
Batting: RHB Aaron Moore
|
0-0: Called Strike 0-1: Ball 1-1: Ball 2-1: Ball 3-1: SINGLE (Line Drive, 6D, EV 106.2 MPH) Darnell Jones to second
|
|
Batting: SHB Todd Hewitt
|
0-0: Ball 1-0: Ball 2-0: DOUBLE (Flyball, 78D, EV 106.9 MPH) Darnell Jones scores Aaron Moore to third Runner from 3rd tries for Home, throw by LF and OUT! 7-6-2
|
|
Batting: RHB Dermott Neill
|
0-0: Called Strike 0-1: Foul Ball, location: 2F 0-2: Fly out, F4 (Popup, 4MD, EV 66.9 MPH)
|
| Top of the 5th over - 1 run, 3 hits, 0 errors, 1 left on base; Hickory 3 - Charleston 1 |
| BOTTOM OF THE 5TH |
|
Charleston RiverDogs batting - Pitching for Hickory Crawdads : LHP Cooper Bate
|
|
Batting: RHB Bryan Massey
|
0-0: Called Strike 0-1: Called Strike 0-2: Ground out 5-3 (Groundball, 56, EV 83.8 MPH)
|
|
Batting: RHB Louwe Starmans
|
0-0: Ball 1-0: Foul Ball, location: 2F 1-1: Ground out 6-3 (Groundball, 56, EV 106.9 MPH)
|
|
Batting: LHB Ernesto Abreu
|
0-0: Ball 1-0: Called Strike 1-1: Swinging Strike 1-2: Ball 2-2: Strikes out swinging
|
| Bottom of the 5th over - 0 runs, 0 hits, 0 errors, 0 left on base; Hickory 3 - Charleston 1 |
| TOP OF THE 6TH |
|
Hickory Crawdads batting - Pitching for Charleston RiverDogs : RHP Bobby Kosmicki
|
|
Batting: RHB Mike Thornton
|
0-0: Ball 1-0: Foul Ball, location: 2F 1-1: Ball 2-1: DOUBLE (Line Drive, 9LS, EV 105.6 MPH)
|
|
Batting: RHB Danny Weisse
|
0-0: Ball 1-0: Fly out, F9 (Line Drive, 89M, EV 91.9 MPH)
|
|
Batting: RHB Danny Murillo
|
0-0: Ground out 2-3 (Groundball, 15S, EV 70.0 MPH) Mike Thornton to third
|
|
Batting: RHB Jose Pineda
|
0-0: Fly out, F4 (Popup, 4S, EV 84.4 MPH)
|
| Top of the 6th over - 0 runs, 1 hit, 0 errors, 1 left on base; Hickory 3 - Charleston 1 |
| BOTTOM OF THE 6TH |
|
Charleston RiverDogs batting - Pitching for Hickory Crawdads : LHP Cooper Bate
|
|
Batting: SHB Tadaaki Kondo
|
0-0: Called Strike 0-1: Called Strike 0-2: Ball 1-2: SINGLE (Groundball, 4MD, EV 103.1 MPH)
|
|
Batting: RHB Francisco Vargas
|
0-0: Ball Wild Pitch! Tadaaki Kondo to second 1-0: Ground out U3 (Groundball, 34, EV 106.9 MPH) Tadaaki Kondo to third
|
|
Batting: RHB Mike Zern
|
0-0: Ball 1-0: Ball 2-0: Ball 3-0: Called Strike 3-1: Base on Balls
|
|
Batting: LHB Marc Durgin
|
0-0: Grounds into double play, 6-4-3 (Groundball, 6, EV 102.5 MPH)
|
| Bottom of the 6th over - 0 runs, 1 hit, 0 errors, 1 left on base; Hickory 3 - Charleston 1 |
| TOP OF THE 7TH |
|
Hickory Crawdads batting - Pitching for Charleston RiverDogs : RHP Bobby Kosmicki
|
|
Batting: RHB Zach Thomason
|
0-0: Ball 1-0: Ball 2-0: Foul Ball, location: 2F 2-1: Swinging Strike 2-2: Fly out, F7 (Flyball, 78S, EV 92.5 MPH)
|
|
Pitching: LHP Cory Musial
|
|
|
Batting: RHB Darnell Jones
|
0-0: Ball 1-0: Called Strike 1-1: Called Strike 1-2: Strikes out swinging
|
|
Batting: RHB Aaron Moore
|
0-0: Ball 1-0: Swinging Strike 1-1: Ball 2-1: Ball 3-1: Fly out, F8 (Flyball, 8LD, EV 87.5 MPH)
|
| Top of the 7th over - 0 runs, 0 hits, 0 errors, 0 left on base; Hickory 3 - Charleston 1 |
| BOTTOM OF THE 7TH |
|
Charleston RiverDogs batting - Pitching for Hickory Crawdads : LHP Cooper Bate
|
|
Batting: RHB Jeff McClellan
|
0-0: Called Strike 0-1: Ball 1-1: Foul Ball, location: 2F 1-2: Ball 2-2: Foul Ball, location: 2F 2-2: Ball 3-2: Ground out 6-3 (Groundball, 6, EV 80.6 MPH)
|
|
Batting: RHB Michael Patterson
|
0-0: DOUBLE (Flyball, 78D, EV 98.8 MPH)
|
|
Batting: RHB Bryan Massey
|
0-0: Ball 1-0: Ball 2-0: Called Strike 2-1: Ground out 6-3 (Groundball, 6, EV 100.0 MPH)
|
|
Pinch Hitting: RHB Iften Olujimi
|
0-0: Ball 1-0: Called Strike 1-1: Ball 2-1: Foul Ball, location: 2F 2-2: Strikes out swinging
|
| Bottom of the 7th over - 0 runs, 1 hit, 0 errors, 1 left on base; Hickory 3 - Charleston 1 |
| TOP OF THE 8TH |
|
Hickory Crawdads batting - Pitching for Charleston RiverDogs : LHP Cory Musial
|
|
Now at 3B: Iften Olujimi
|
|
|
Batting: SHB Todd Hewitt
|
0-0: Ground out 6-3 (Groundball, 6, EV 77.5 MPH)
|
|
Batting: RHB Dermott Neill
|
0-0: Ball 1-0: Swinging Strike 1-1: Swinging Strike 1-2: Strikes out swinging
|
|
Batting: RHB Mike Thornton
|
0-0: DOUBLE (Line Drive, 89M, EV 90.0 MPH)
|
|
Batting: RHB Danny Weisse
|
0-0: Ball 1-0: Ball 2-0: Foul Ball, location: 2F 2-1: Ball 3-1: Base on Balls
|
|
Batting: RHB Danny Murillo
|
0-0: Ball 1-0: Called Strike 1-1: Ground out 3-1 (Groundball, 34S, EV 87.5 MPH)
|
| Top of the 8th over - 0 runs, 1 hit, 0 errors, 2 left on base; Hickory 3 - Charleston 1 |
| BOTTOM OF THE 8TH |
|
Charleston RiverDogs batting - Pitching for Hickory Crawdads : LHP Cooper Bate
|
|
Now at 1B: Aaron Graham
|
|
|
Batting: LHB Ernesto Abreu
|
0-0: Called Strike 0-1: Ball 1-1: Foul Ball, location: 2F 1-2: Foul Ball, location: 2F 1-2: Foul Ball, location: 2F 1-2: Fly out, F6 (Flyball, 56D, EV 80.0 MPH)
|
|
Pitching: RHP Victor Benitez
|
|
|
Batting: SHB Tadaaki Kondo
|
0-0: SOLO HOME RUN (Flyball, 9D, EV 98.8 MPH), Distance : 383 ft
|
|
Pinch Hitting: LHB Joe Vida
|
0-0: Foul Ball, location: 2F 0-1: Ball 1-1: Called Strike 1-2: Foul Ball, location: 2F 1-2: Ball 2-2: Foul Ball, location: 2F 2-2: Foul Ball, location: 2F 2-2: Ball 3-2: Strikes out swinging
|
|
Batting: LHB Jeremiah Walker
|
0-0: Ball 1-0: Ground out 6-3 (Groundball, 56, EV 79.4 MPH)
|
| Bottom of the 8th over - 1 run, 1 hit, 0 errors, 0 left on base; Hickory 3 - Charleston 2 |
| TOP OF THE 9TH |
|
Hickory Crawdads batting - Pitching for Charleston RiverDogs : LHP Cory Musial
|
|
Pitching: RHP Greg Ritchie
|
|
|
Now in RF: Joe Vida
|
|
|
Pinch Hitting: LHB Alfonso Collazo
|
0-0: Ball 1-0: DOUBLE (Line Drive, 9LM, EV 104.4 MPH)
|
|
Batting: RHB Zach Thomason
|
0-0: Ball 1-0: Ball 2-0: SINGLE (Line Drive, 8RS, EV 105.6 MPH) Alfonso Collazo to third
|
|
Batting: RHB Darnell Jones
|
0-0: Fly out, F9 (Line Drive, 9S, EV 98.1 MPH)
|
|
Batting: RHB Aaron Moore
|
0-0: Ball 1-0: Called Strike 1-1: Foul Ball, location: 2F 1-2: Ball 2-2: Ball 3-2: Strikes out swinging
|
|
Batting: SHB Todd Hewitt
|
0-0: Ground out 6-3 (Groundball, 6D, EV 105.0 MPH)
|
| Top of the 9th over - 0 runs, 2 hits, 0 errors, 2 left on base; Hickory 3 - Charleston 2 |
| BOTTOM OF THE 9TH |
|
Charleston RiverDogs batting - Pitching for Hickory Crawdads : RHP Victor Benitez
|
|
Now at 3B: Shoh Tanioka
|
|
|
Batting: LHB Marc Durgin
|
0-0: Foul Ball, location: 2F 0-1: Swinging Strike 0-2: Strikes out swinging
|
|
Pinch Hitting: LHB Andrew Davis
|
0-0: Ball 1-0: Foul Ball, location: 2F 1-1: Ball 2-1: Ground out 4-3 (Groundball, 34S, EV 77.5 MPH)
|
|
Batting: RHB Michael Patterson
|
0-0: Ball 1-0: Ball 2-0: Foul Ball, location: 2F 2-1: Foul Ball, location: 2F 2-2: Ground out 6-3 (Groundball, 56S, EV 81.2 MPH)
|
| Bottom of the 9th over - 0 runs, 0 hits, 0 errors, 0 left on base; Hickory 3 - Charleston 2 |
|